 Dungeon Crawl Stone Soup version 0.24.0-1-gfbc8707122 (console) character file.

Game seed: 6980158217036904262, levelgen mode: deterministic

21272 AlterAsc the Arsonist (level 12, -1/81 HPs)
             Began as a Grey Draconian Fire Elementalist on Oct 26, 2019.
             Was an Elder of Sif Muna.
             Slain by a harpy (15 damage)
             ... on level 1 of the Shoals.
             The game lasted 01:43:51 (18502 turns).

AlterAsc the Arsonist (DrFE)                       Turns: 18502, Time: 01:43:52

Health: -1/81      AC: 22    Str: 12    XL:     12   Next: 52%
Magic:  16/26      EV: 12    Int: 19    God:    Sif Muna [****..]
Gold:   925        SH:  0    Dex: 12    Spells: 12/32 levels left

rFire    . . .     SeeInvis .   A - +2 hunting sling (freeze)
rCold    . . .     Gourm    .   (no shield)
rNeg     . . .     Faith    .   (armour unavailable)
rPois    .         Spirit   .   (helmet restricted)
rElec    .         Reflect  .   V - +2 cloak
rCorr    .         Harm     .   E - +2 pair of gloves
MR       .....                  h - +2 pair of boots
Stlth    ++........             T - amulet of regeneration
HPRegen  0.63/turn              S - ring of wizardry
MPRegen  0.20/turn              U - ring of wizardry

@: no status effects
A: walk through water, unfitting armour, unbreathing, cold-blooded, AC +13
a: Channel Magic, Forget Spell, Divine Exegesis, Renounce Religion


You were on level 1 of the Shoals.
You worshipped Sif Muna.
Sif Muna was greatly pleased with you.
You were not hungry.

You visited 4 branches of the dungeon, and saw 16 of its levels.
You also visited: Gauntlet.

You collected 925 gold pieces.

Inventory:

Hand Weapons
 A - a +2 hunting sling of freezing (weapon)
 I - a +0 hand crossbow
 J - a +0 shortbow
 N - a +0 hunting sling
 X - a +2 dagger of electrocution
Missiles
 d - 413 stones (quivered)
 w - 195 arrows
Armour
 h - a +2 pair of boots (worn)
 E - a +2 pair of gloves (worn)
 V - a +2 cloak (worn)
Magical Staves
 m - an uncursed staff of poison
Jewellery
 u - an uncursed amulet of guardian spirit
 S - a ring of wizardry (left hand)
 T - an amulet of regeneration (around neck)
 U - a ring of wizardry (right hand)
Wands
 q - a wand of iceblast (10)
 z - a wand of flame (30)
 D - a wand of acid (6)
 W - a wand of disintegration (16)
 Y - a wand of polymorph (1)
Scrolls
 a - 3 scrolls of teleportation
 c - a scroll of fog {unknown}
 e - 7 scrolls of identify
 g - 2 scrolls of magic mapping
 i - 13 scrolls of remove curse
 n - 2 scrolls of enchant armour
 p - 2 scrolls of enchant weapon
 r - a scroll of summoning {unknown}
 v - 4 scrolls of immolation
 y - 3 scrolls of random uselessness
 G - a scroll of fear {unknown}
 L - 4 scrolls of amnesia
 O - a scroll of noise {unknown}
 Q - a scroll of torment {unknown}
 R - a scroll of acquirement {unknown}
 Z - a scroll of blinking {unknown}
Potions
 f - 4 potions of curing
 j - 3 potions of ambrosia {unknown}
 l - 3 potions of degeneration
 o - a potion of cancellation {unknown}
 s - 7 potions of brilliance
 t - 2 potions of resistance {unknown}
 x - 3 potions of mutation
 B - 4 potions of flight
 C - 3 potions of heal wounds {unknown}
 H - a potion of berserk rage {unknown}
 K - a potion of magic {unknown}
 M - 2 potions of haste
Miscellaneous
 k - a fan of gales
Comestibles
 b - 28 rations


   Skills:
 - Level 2.0 Dodging
 - Level 1.9 Stealth
 * Level 10.8 Spellcasting
 + Level 10.8 Conjurations
 + Level 3.7 Hexes
 + Level 3.9 Translocations
 * Level 11.9 Fire Magic
 + Level 5.0 Invocations


You had 12 spell levels left.
You knew the following spells:

 Your Spells              Type           Power        Failure   Level  Hunger
a - Flame Tongue          Conj/Fire      #####        1%          1    None
b - Sticky Flame          Conj/Fire      ######..     1%          4    ##.....
c - Conjure Flame         Conj/Fire      ######..     1%          3    None
d - Fireball              Conj/Fire      ######....   1%          5    ####...
e - Blink                 Tloc           N/A          1%          2    None
f - Slow                  Hex            ###.....     1%          2    None
g - Gell's Gravitas       Tloc           ####......   1%          3    None

Your spell library contained the following spells:

 Spells                   Type           Power        Failure   Level  Hunger
 Magic Dart               Conj           ####         1%          1    None
 Shroud of Golubria       Chrm/Tloc      ###...       1%          2    None
 Throw Flame              Conj/Fire      ######       1%          2    None
 Inner Flame              Hex/Fire       #####...     1%          3    None
 Lesser Beckoning         Tloc           ####......   1%          3    None
 Mephitic Cloud           Conj/Pois/Air  ###.....     1%          3    None
 Teleport Other           Tloc           ####....     1%          3    None
 Call Imp                 Summ           ##......     3%          2    None
 Passage of Golubria      Tloc           N/A          3%          4    ##.....


Dungeon Overview and Level Annotations

Branches:
Dungeon (10/15)            Temple (1/1) D:5            Lair (4/6) D:10
 Shoals (1/4) Lair:4       Spider (0/4) Lair:4      Gauntlet (visited)
    Orc: D:9-12

Altars:
Ashenzari
Cheibriados
Dithmenos
Elyvilon
Fedhas
Gozag
Hepliaklqana
Kikubaaqudgha
Makhleb
Nemelex Xobeh
Okawaru
Qazlal
Ru
Sif Muna
Trog
Uskayaw
Vehumet
Wu Jian
Xom
Yredelemnul
Zin
The Shining One


Innate Abilities, Weirdness & Mutations

You can walk through water.
Your dull iron-grey scales are very hard. (AC +13)
You cannot fit into any form of body armour.
You can survive without breathing.
You are cold-blooded and may be slowed by cold attacks.


Message History

The harpy closely misses you. x2; The harpy claws you but does no damage.
The harpy misses you. The harpy closely misses you.
The harpy barely misses you. The harpy claws you!
* * * LOW HITPOINT WARNING * * *
The harpy barely misses you.
You feel better.
The harpy screeches! x2
The harpy claws you but does no damage. The harpy barely misses you. x2
The harpy claws you. The harpy closely misses you.
The harpy claws you but does no damage. x2; The harpy claws you.
* * * LOW HITPOINT WARNING * * *
The harpy barely misses you. The harpy claws you but does no damage.
You feel better.
The harpy screeches! x3
The harpy claws you but does no damage. x2; The harpy claws you!
* * * LOW HITPOINT WARNING * * *
The harpy claws you but does no damage. x3; The harpy completely misses you.
The harpy closely misses you. The harpy misses you.
The harpy claws you but does no damage. The harpy claws you!
You die...

≈≈≈≈...≈≈≈≈≈≈≈≈≈≈≈≈≈≈≈≈
≈≈≈§≈≈≈≈≈≈≈≈≈≈≈≈≈≈≈≈≈≈≈≈
≈§≈≈......≈≈≈≈≈≈≈≈≈≈≈≈≈≈
≈≈§≈§####...≈≈≈≈≈≈≈≈≈≈≈≈
≈≈§. ###.≈≈≈≈≈≈≈≈≈≈≈≈
≈≈≈ #..≈≈≈≈≈≈≈≈≈≈≈ ≈≈
##.≈≈≈≈≈≈≈≈≈≈≈≈ ≈ .
#..≈≈≈H≈≈≈≈≈≈≈≈ ...
#..≈≈≈H@H≈≈≈≈≈≈
≈≈.###≈≈≈≈≈≈≈≈≈≈≈≈≈
≈≈≈...≈≈≈≈≈≈H≈≈≈≈≈≈≈
≈≈≈..≈≈≈..≈≈≈≈≈≈≈≈≈≈
≈≈.≈≈≈≈≈..≈≈≈≈≈≈≈≈≈≈
.≈≈≈≈≈≈≈.≈≈≈≈≈≈≈≈≈≈≈
..≈≈≈≈≈≈...>≈≈≈≈≈≈≈≈
...≈≈≈≈≈...≈≈≈≈≈≈≈≈≈
...≈≈≈≈≈≈≈≈≈≈≈≈≈≈≈


You could see 4 harpies.

Vanquished Creatures
  2 hydras (Lair:3)
  Erolcha (D:9)
  A two-headed ogre (D:10)
  A sea snake (Shoals:1)
  Pikel (D:9)
  4 harpies (Shoals:1)
  A black mamba (Lair:4)
  3 spiny frogs
  2 trolls
  8 blink frogs
  6 hippogriffs
  A slime creature (D:7)
  A snapping turtle (Lair:4)
  Sigmund (D:2)
  A spriggan (D:7)
  18 yaks
  3 wyverns
  Edmund (D:5)
  9 water moccasins
  2 ice beasts
  A slave (D:9)
  12 porcupines
  2 phantoms (D:7)
  4 orc warriors
  A black bear (D:10)
  A necrophage (D:6)
  2 sky beasts
  4 wolves (Lair:1)
  3 ogres
  2 centaurs
  5 crocodiles
  2 big kobolds
  17 bullfrogs
  4 scorpions
  A wyvern skeleton (D:7)
  12 killer bees (D:9)
  5 howler monkeys
  A crimson imp (D:9)
  5 orc priests
  3 bullfrog skeletons
  7 hounds
  9 orc wizards
  2 gnoll shamans
  A jelly (D:10)
  Ijyb (D:4)
  2 iguanas
  Natasha (thrice) (D:3)
  6 worker ants
  A hound zombie (D:8)
  A hound skeleton (D:9)
  A howler monkey zombie (D:7)
  A worker ant zombie (D:6)
  10 adders
  8 gnolls
  A howler monkey skeleton (D:10)
  6 shadow imps
  An ooze (D:1)
  3 dart slugs
  12 leopard geckos
  32 orcs
  2 ball pythons
  4 giant cockroaches
  7 goblins
  4 hobgoblins
  9 jackals
  4 quokkas
  5 bats
  4 frilled lizards
  A giant cockroach zombie (D:6)
  2 jackal skeletons
  17 kobolds
  A quokka skeleton (D:7)
  8 rats
  A plant (Lair:4)
331 creatures vanquished.

Vanquished Creatures (others)
  11 fungi
  2 plants (D:10)
13 creatures vanquished.

Grand Total: 344 creatures vanquished

Notes
Turn   | Place    | Note
-------+----------+-------------------------------------------
     0 | D:1      | AlterAsc the Draconian Fire Elementalist began the quest
                  | for the Orb.
     0 | D:1      | Reached XP level 1. HP: 14/14 MP: 3/3
   409 | D:1      | Reached XP level 2. HP: 20/20 MP: 1/5
   969 | D:1      | Reached XP level 3. HP: 26/26 MP: 1/6
  1300 | D:2      | Noticed Sigmund
  1726 | D:3      | Found a basalt altar of Yredelemnul.
  1855 | D:2      | Reached XP level 4. HP: 30/33 MP: 3/8
  1933 | D:3      | Noticed an ice beast
  2387 | D:3      | Noticed Natasha
  2395 | D:3      | Killed Natasha
  2395 | D:3      | Reached skill level 4 in Fire Magic
  2395 | D:3      | Reached XP level 5. HP: 26/38 MP: 6/9
  2401 | D:3      | Learned a level 4 spell: Sticky Flame
  2773 | D:3      | Killed an ice beast
  3135 | D:3      | Noticed Natasha
  3151 | D:3      | Killed Natasha
  3151 | D:3      | Reached XP level 6. HP: 24/45 MP: 5/11
  3152 | D:3      | Noticed Natasha
  3355 | D:3      | Killed Natasha
  4417 | D:4      | Noticed Ijyb
  4425 | D:4      | Killed Ijyb
  4425 | D:4      | Reached skill level 5 in Fire Magic
  4636 | D:2      | Learned a level 3 spell: Conjure Flame
  4826 | D:2      | Killed Sigmund
  4826 | D:2      | Your scales start taking on a dull iron-grey colour.
  4826 | D:2      | Reached XP level 7. HP: 50/50 MP: 4/13
  4826 | D:2      | Gained mutation: You can survive without breathing. [Grey
                  | Draconian growth]
  4978 | D:5      | Entered Level 5 of the Dungeon
  5390 | D:5      | Found a shimmering altar of Xom.
  5446 | D:5      | Found a staircase to the Ecumenical Temple.
  5455 | Temple   | Entered the Ecumenical Temple
  5760 | D:5      | Reached skill level 5 in Conjurations
  5766 | D:5      | Reached skill level 5 in Spellcasting
  5844 | D:5      | Reached skill level 6 in Fire Magic
  6007 | D:5      | Reached XP level 8. HP: 53/57 MP: 4/15
  6114 | D:5      | Noticed Edmund
  6134 | D:5      | Killed Edmund
  6263 | D:5      | Found a shimmering blue altar of Sif Muna.
  6269 | D:5      | Became a worshipper of Sif Muna the Loreminder
  6710 | D:6      | Found a sacrificial altar of Ru.
  7177 | D:7      | Reached skill level 7 in Fire Magic
  7280 | D:7      | Learned a level 5 spell: Fireball
  7505 | D:7      | Reached XP level 9. HP: 54/62 MP: 10/18
  7539 | D:7      | Reached * piety under Sif Muna
  7855 | D:7      | Found a snail-covered altar of Cheibriados.
  8085 | D:7      | Reached skill level 8 in Fire Magic
  8782 | D:7      | Noticed a troll
  8799 | D:7      | Killed a troll
  9292 | D:7      | Reached XP level 10. HP: 56/69 MP: 13/21
  9487 | D:7      | Reached skill level 9 in Fire Magic
  9488 | D:7      | Reached ** piety under Sif Muna
 10899 | D:9      | Noticed Erolcha
 11026 | D:9      | Found a hide-covered altar of Uskayaw.
 11026 | D:9      | Found a sparkling altar of Nemelex Xobeh.
 11030 | D:9      | Found a hazy altar of Hepliaklqana.
 11030 | D:9      | Found a radiant altar of Vehumet.
 11072 | D:9      | Killed Erolcha
 11267 | D:9      | Reached *** piety under Sif Muna
 11524 | D:9      | Reached skill level 10 in Fire Magic
 11886 | D:9      | Noticed Pikel
 11898 | D:9      | Killed Pikel
 12063 | D:9      | Found a white marble altar of Elyvilon.
 12063 | D:9      | Found a glowing silver altar of Zin.
 12064 | D:9      | Found a glowing golden altar of the Shining One.
 12266 | D:10     | Entered Level 10 of the Dungeon
 12329 | D:10     | Noticed a two-headed ogre
 12347 | D:10     | Killed a two-headed ogre
 12347 | D:10     | Reached skill level 1 in Invocations
 12347 | D:10     | Reached XP level 11. HP: 51/74 MP: 14/24
 12807 | D:10     | Found a staircase to the Lair.
 12887 | D:10     | Reached skill level 10 in Conjurations
 12952 | D:10     | Learned a level 2 spell: Blink
 12955 | D:10     | Learned a level 2 spell: Slow
 13246 | Lair:1   | Entered Level 1 of the Lair of Beasts
 13284 | Lair:1   | Reached **** piety under Sif Muna
 13512 | Lair:1   | Reached skill level 1 in Hexes
 13539 | Lair:1   | Reached skill level 1 in Translocations
 14348 | Lair:1   | Learned a level 3 spell: Gell's Gravitas
 15598 | Lair:3   | Reached skill level 11 in Fire Magic
 15623 | Lair:3   | Reached skill level 10 in Spellcasting
 15883 | Lair:3   | Noticed a four-headed hydra
 15910 | Lair:3   | Killed a four-headed hydra
 16494 | Lair:4   | Found a gate leading to a gauntlet.
 16498 | Gauntlet | Entered a Gauntlet
 16498 | Gauntlet | Found a transporter.
 16498 | Gauntlet | Found a transporter.
 16498 | Gauntlet | Found a transporter.
 16498 | Gauntlet | Noticed a wizard
 16512 | Lair:4   | Noticed an eight-headed hydra
 16529 | Lair:4   | Reached XP level 12. HP: 71/81 MP: 4/26
 16848 | Lair:3   | Killed an eight-headed hydra
 17224 | Lair:4   | Found a hole to the Spider Nest.
 17671 | Lair:4   | Found a staircase to the Shoals.
 18172 | Shoals:1 | Entered Level 1 of the Shoals
 18415 | Shoals:1 | Reached skill level 5 in Invocations
 18502 | Shoals:1 | Slain by a harpy

Levels and vault maps discovered:
D:1:      onia_arrival_pyramid, layout_basic, minmay_misc_feat_nine_boxes
D:2:      layout_rooms, uniq_sigmund
D:3:      layout_loops_corners, yredelemnul_altar_generic, first_ration,
          roderic_serpentine_path, uniq_natasha
D:4:      layout_gridville, uniq_ijyb
D:5:      layout_cave_pools, led_sif_pool, kennysheep_mini_moat,
          minmay_temple_entry_waves, dk_noncrumbling_4, uniq_edmund
D:6:      layout_cave_pools, overflow_temple_1_default, grunt_ministairs_3
D:7:      minmay_the_grid_plus [minmay_the_grid_spin_star,
          minmay_the_grid_box_x, minmay_the_grid_zigzag_pyramid,
          minmay_the_grid_fan, minmay_the_grid_prize_four_corners],
          layout_cave_pools, cheibriados_altar_1, grunt_decor_arrowhead,
          the_bakery, kennysheep_minor_cross
D:8:      layout_cave_pools
D:9:      layout_gridville, good_gods_temple_1, grunt_temple_overflow_open,
          uniq_pikel, uniq_erolcha
D:10:     layout_stronghold, due_lair_maze_entry_diamond
Temple:   eino_temple_lava
Lair:1:   layout_loops_ring, serial_bayou_shore_b, grunt_megastairs_4
Lair:2:   layout_concentric_octagons, infiniplex_staircase_pool_2,
          grunt_megastairs_1
Lair:3:   layout_hall_layers
Lair:4:   layout_big_grid, minmay_shoals_entry_hut, dummy_spider_entry,
          gauntlet_entry_generic, st_stairs_7, lemuel_fruit_fields,
          serial_bayou_shore_b, lemuel_fruit_tree
Shoals:1: layout_shoals, uniq_aizul

Skill      XL: |  1  2  3  4  5  6  7  8  9 10 11 12 |
---------------+-------------------------------------+-----
Dodging        | 2 |  2.0
Conjurations   | 2 3 4 5 6 8 9 10 | 10.8
Spellcasting   | 3 4 5 6 7 9 10 | 10.8
Fire Magic     | 4 5 6 7 8 10 11 | 11.9
Invocations    | 1 4 5 |  5.0
Hexes          | 2 3 |  3.7
Translocations | 2 3 |  3.9
Stealth        | |  1.9

Action                   |  1- 3 |  4- 6 |  7- 9 | 10-12 || total
-------------------------+-------+-------+-------+-------++-------
Melee: Unarmed           |    19 |       |       |       ||    19
       Short sword       |    28 |       |       |       ||    28
       Tailslap          |     4 |     1 |     2 |       ||     7
       Dagger            |    51 |     4 |    33 |    18 ||   106
 Fire: Hunting sling     |       |       |       |     9 ||     9
Throw: Stone             |    10 |       |     9 |       ||    19
 Cast: Flame Tongue      |    71 |    66 |   227 |   157 ||   521
       Sticky Flame      |       |     6 |    45 |   130 ||   181
       Fireball          |       |       |     1 |    36 ||    37
       Conjure Flame     |       |       |       |     2 ||     2
       Slow              |       |       |       |     6 ||     6
       Gell's Gravitas   |       |       |       |     3 ||     3
       Blink             |       |       |       |    11 ||    11
  Use: Scroll            |       |     4 |     9 |    13 ||    26
       Potion            |       |       |     4 |     3 ||     7
  Eat: Chunk             |     4 |     6 |    13 |    30 ||    53
       Ration            |       |     2 |     2 |     4 ||     8
Armor: Skin              |    57 |    12 |   165 |   286 ||   520
Dodge: Dodged            |   120 |    36 |   170 |   351 ||   677
